Cogmind - Beta 17 @@@ ROGUE MODE // 2026.07.22 @ 23:13:07 Player: C0-RV5 Result: Destroyed by ZJ-TDO(j) with Overtuned Pulse Rifle Performance ------------- Evolutions (0) 0 Regions Visited (3) 600 Robots Destroyed (0) 0 Value Destroyed (10) 10 Prototype IDs (6) 120 Alien Tech Used (0) 0 Bonus (800) 800 TOTAL SCORE: 1530 Bonus ------- Registered with UFD 300 Met Optimus in HQ 500 Cogmind --------- Core Integrity 0/250 Matter 218/300 Energy 99/100 System Corruption 1% Temperature Cool (12) Movement Core (50) Location -7/Scraptown Parts ------- > --- POWER (1) -------- (None) > --- PROPULSION (2) --- (None) > --- UTILITY (2) ------ (None) > --- WEAPON (2) ------- (None) > --- INVENTORY (5) ---- Wheel Cooling System Improved Cooling System Improved Terrain Scanner DRS Beacon (Ready) Peak State ------------ > --- POWER ------------ Improved Deuterium Engine > --- PROPULSION ------- Armored Huge Wheel > --- UTILITY ---------- Humpback > --- WEAPON ----------- EMP Blaster EMP Blaster > --- INVENTORY -------- Light Ion Engine Armored Treads Wheel Wheel Compact Wheel Cooling System Improved Cooling System Large Storage Unit Large Storage Unit Terrain Scanner Improved Terrain Scanner Advanced Targeting Computer Launcher Guidance Computer Advanced ECM Suite Particle Cannon Assault Rifle Light Assault Rifle Minigun High-powered Shotgun CPS Tube Flail DRS Beacon Botcube [Rating: 24] Favorites ----------- Power Ion Engine Engine Ion Engine Propulsion Armored Huge Wheel Wheel Armored Huge Wheel Utility Humpback Device Advanced ECM Suite Storage Humpback Protection Scrap Shield Weapon Light Assault Rifle Energy Gun EM Pulse Gun Ballistic Gun Light Assault Rifle Launcher Grenade Launcher Build | -11 -10 -10 -7 ------- Run | Yrd Mat Sub Scr Slots Evolved . | . . . . Power . | . . . . Propulsion . | . . . . Utility . | . . . . Weapon . | . . . . Parts Attached 19 | 6 1 2 10 Power 3 | 1 . . 2 Engine 3 | 1 . . 2 Core . | . . . . Reactor . | . . . . Propulsion 3 | 2 . . 1 Treads . | . . . . Leg . | . . . . Wheel 3 | 2 . . 1 Hover . | . . . . Flight . | . . . . Utility 6 | 1 1 1 3 Device 2 | . 1 . 1 Storage 3 | 1 . . 2 Processor . | . . . . Hackware . | . . . . Protection 1 | . . 1 . Artifact . | . . . . Weapon 7 | 2 . 1 4 Energy Gun 1 | 1 . . . Energy Cannon . | . . . . Ballistic Gun 2 | 1 . 1 . Ballistic Cannon . | . . . . Launcher 4 | . . . 4 Special Weapon . | . . . . Impact Weapon . | . . . . Slashing Weapon . | . . . . Piercing Weapon . | . . . . Special Melee Weapon . | . . . . Unidentified Prototypes . | . . . . Parts Lost 4 | . . . 4 Power 2 | . . . 2 Propulsion 1 | . . . 1 Utility . | . . . . Weapon 1 | . . . 1 Highest Loss Streak 4 | . . . 4 To Critical Strikes 1 | . . . 1 Average Backups 15 | 3 5 5 16 Power 1 | . 1 1 1 Propulsion 3 | 2 2 1 3 Utility 5 | . . 1 5 Weapon 4 | . 1 1 5 Tool/Special . | . . . . Unused Backups 22 | . 2 4 16 Power . | . . . . Propulsion 7 | . 2 2 3 Utility 9 | . . 2 7 Weapon 5 | . . . 5 Tool/Special 1 | . . . 1 Average Slot Usage (%) 76 | . 96 92 75 Engine 13 | . 14 14 13 Wheel 15 | . 28 28 14 Device 4 | . 10 7 4 Storage 12 | . 14 7 13 Protection 1 | . . 6 . Ballistic Gun 21 | . 14 28 20 Launcher 6 | . . . 6 Peak Build Rating 24 | 6 7 9 24 Average Rating 16 | 4 6 8 17 On Entrance 5 | . 6 7 9 Avg Prop Armor Cover (%) . | . . . . Naked Turns . | . . . . Heaviest Build 215 | 12 13 24 215 Greatest Support 28 | 26 26 26 28 Greatest Overweight (x) 7 | . . . 7 Average Overweight (x) 2 | . . . 3 Largest Inventory Capacity 35 | 8 8 8 35 Average Capacity 23 | 7 8 6 25 Most Carried 26 | 6 6 8 26 Average Carried 16 | 4 5 5 17 Final Capacity 8 | 8 8 5 5 Final Carried 6 | 6 6 5 5 Class Distribution -------------------- 51% | Hauler-Mutant 48% | Mutant Dominant Class ---------------- Mutant | -10/Materials Mutant | -10/Subcaves Hauler-Mutant | -7/Scraptown Resources | -11 -10 -10 -7 ----------- Run | Yrd Mat Sub Scr Matter Collected 356 | 260 . 36 60 Remotely . | . . . . Salvage Created . | . . . . Parts . | . . . . Haulers Intercepted . | . . . . Recyclers Shooed . | . . . . Parts Field Recycled . | . . . . Retrieved Matter . | . . . . Parts Self-Destructed . | . . . . Prevented . | . . . . Parts Restored . | . . . . Kills | -11 -10 -10 -7 ------- Run | Yrd Mat Sub Scr Combat Hostiles Destroyed . | . . . . Classes Destroyed . | . . . . Best Kill Streak . | . . . . Combat Bots Only . | . . . . Max Kills in Single Turn . | . . . . Gunslinging . | . . . . Exploded . | . . . . Melee . | . . . . Uniques/NPCs Destroyed . | . . . . Combat | -11 -10 -10 -7 -------- Run | Yrd Mat Sub Scr Hostile Shots Fired 111 | . . . 111 Missed 21 | . . . 21 Hits 90 | . . . 90 Melee 51 | . . . 51 Projectile 39 | . . . 39 Critical Strikes 7 | . . . 7 Damage Taken 990 | . 4 . 986 Core 266 | . . . 266 Absorbed by Shields . | . . . . Core Remaining (%) 100 | 100 . . . Volleys Fired 9 | . 1 4 4 Largest 2 | . 1 2 2 Hottest 69 | . 40 40 69 Shots Fired 14 | . 1 8 5 Gun 9 | . 1 8 . Cannon . | . . . . Launcher 5 | . . . 5 Special . | . . . . Kinetic 8 | . . 8 . Thermal . | . . . . Explosive 3 | . . . 3 Electromagnetic 3 | . 1 . 2 Robot Hit Streak 4 | . . 4 . Robot Miss Streak 1 | . . 1 . Penetration Max . | . . . . Secondary Targets . | . . . . Shots Hit Robots 6 | . . 6 . Core Hits 4 | . 1 . 3 Critical Kills . | . . . . Critical Parts Destroyed . | . . . . Critical Strikes . | . . . . Melee Attacks . | . . . . Impact . | . . . . Slashing . | . . . . Piercing . | . . . . Sneak Attacks . | . . . . Combat Hostiles . | . . . . Follow-up Attacks . | . . . . Damage Inflicted 175 | . 11 23 141 Guns 23 | . . 23 . Cannons . | . . . . Explosions 141 | . . . 141 Melee . | . . . . Ramming 11 | . 11 . . Kinetic 23 | . . 23 . Thermal . | . . . . Explosive . | . . . . Electromagnetic 141 | . . . 141 Impact . | . . . . Slashing . | . . . . Piercing . | . . . . Highest Corruption 1 | . . . 1 Average Corruption 1 | . . . 1 Corruption Purged . | . . . . Corruption Blocked . | . . . . Overload Shots . | . . . . Overflow Damage . | . . . . Projectiles . | . . . . Explosions . | . . . . Melee . | . . . . Knockbacks . | . . . . Impact . | . . . . Kinetic . | . . . . Secondary . | . . . . Self-Inflicted Damage 20 | . 4 . 16 Shots 1 | . . . 1 Rammed 3 | . 3 . . Targets Rammed 3 | . 3 . . Kicked . | . . . . Crushed . | . . . . Highest Temperature 80 | . . . 80 Average Temperature 40 | . . . 40 Received Heat Transfer 254 | . . . 254 Siege Activations . | . . . . Martial Activations . | . . . . Shielding Activations . | . . . . Robots Disrupted . | . . . . Combat Hostiles . | . . . . Robots Corrupted . | . . . . Combat Hostiles . | . . . . Parts Fried . | . . . . Impact Corruptions . | . . . . Robots Melted . | . . . . Combat Hostiles . | . . . . Parts Melted . | . . . . Heat Transferred . | . . . . Parts Sabotaged . | . . . . Parts Stolen 3 | . . . 3 Parts Stripped . | . . . . Power Chain Reactions . | . . . . Alert | -11 -10 -10 -7 ------- Run | Yrd Mat Sub Scr Maximum Alert Level . | . . . . Low Security (%) 100 | 100 100 . . Level 1 . | . . . . Level 2 . | . . . . Level 3 . | . . . . Level 4 . | . . . . Level 5 . | . . . . High Security . | . . . . Max Security . | . . . . Peak Influence 15 | . 15 . . Initial . | . . . . Average 3 | . 5 . . Influence Increases 15 | . 15 . . Disable Machine 15 | . 15 . . Influence Decreases 15 | . 15 . . Time Decay 15 | . 15 . . Squads Dispatched 1 | . 1 . . Investigation 1 | . 1 . . Extermination . | . . . . Reinforcement . | . . . . Assault . | . . . . Garrison . | . . . . Intercept . | . . . . Searches Triggered . | . . . . Construction Impeded . | . . . . Haulers Reinforced . | . . . . Active Scanning Responses . | . . . . Cargo Convoy Interrupts . | . . . . Stealth | -11 -10 -10 -7 --------- Run | Yrd Mat Sub Scr Distress Signals . | . . . . Communications Jammed . | . . . . Distress Signals . | . . . . Times Spotted 16 | . 1 1 14 Peak Tracking Total 14 | . 1 1 14 Tactical Retreats . | . . . . Traps | -11 -10 -10 -7 ------- Run | Yrd Mat Sub Scr Traps Triggered . | . . . . Indirectly . | . . . . Trap Hack Attempts . | . . . . Triggered . | . . . . Disarmed . | . . . . Reprogrammed . | . . . . Reused . | . . . . Traps Extracted . | . . . . Installed . | . . . . Triggered . | . . . . Machines | -11 -10 -10 -7 ---------- Run | Yrd Mat Sub Scr Machines Disabled 1 | . 1 . . Max in Single Turn 1 | . 1 . . Machines Repaired . | . . . . Machines Dismantled . | . . . . Machines Sabotaged . | . . . . Overloaded Fab Kills . | . . . . Hacking | -11 -10 -10 -7 --------- Run | Yrd Mat Sub Scr Machines Accessed 4 | . . . 4 Terminals . | . . . . Fabricators . | . . . . Repair Stations . | . . . . Recycling Units . | . . . . Scanalyzers . | . . . . Garrison Access . | . . . . Total Hacks 13 | . . . 13 Successful 13 | . . . 13 Failed . | . . . . Catastrophic . | . . . . Database Lockouts . | . . . . Manual . | . . . . Terminals . | . . . . Fabricators . | . . . . Repair Stations . | . . . . Recycling Units . | . . . . Scanalyzers . | . . . . Garrison Access . | . . . . Terminal Hacks 13 | . . . 13 Record 12 | . . . 12 Proto ID Catalog 1 | . . . 1 Fabricator Hacks . | . . . . Repair Station Hacks . | . . . . Recycling Unit Hacks . | . . . . Scanalyzer . | . . . . Garrison Access Hacks . | . . . . Unauthorized Hacks . | . . . . Terminals . | . . . . Fabricators . | . . . . Repair Stations . | . . . . Recycling Units . | . . . . Scanalyzers . | . . . . Garrison Access . | . . . . Data Cores Recovered . | . . . . Used . | . . . . Hacking Detections . | . . . . Full Trace Events . | . . . . Feedback Events . | . . . . Feedback Blocked . | . . . . Robot Schematics Acquired . | . . . . Robots Built . | . . . . Authchips . | . . . . Time . | . . . . Total Robot Build Rating . | . . . . Part Schematics Acquired . | . . . . Parts Built . | . . . . Authchips . | . . . . Time . | . . . . Total Part Build Rating . | . . . . Part Studies Acquired . | . . . . Parts Repaired . | . . . . Time . | . . . . Parts Recycled . | . . . . Recycled Matter . | . . . . Retrieved Matter . | . . . . Retrieved Components . | . . . . Parts Scanalyzed . | . . . . Part Schematics Acquired . | . . . . Parts Damaged . | . . . . Bothacking | -11 -10 -10 -7 ------------ Run | Yrd Mat Sub Scr Used RIF Installer . | . . . . Robots Hacked . | . . . . Non-combat . | . . . . Combat . | . . . . Robot Hacks Applied . | . . . . Relay Couplers Released . | . . . . Fabnet Peak Effective % . | . . . . Robots Rewired . | . . . . Allies Hacked . | . . . . Hacks Repelled . | . . . . Allies | -11 -10 -10 -7 -------- Run | Yrd Mat Sub Scr Total Allies . | . . . . Largest Group . | . . . . Highest-Rated Group . | . . . . Highest-Rated Ally . | . . . . Total Orders . | . . . . Ally Attacks . | . . . . Total Damage . | . . . . Kills . | . . . . Allies Corrupted . | . . . . Allies Melted . | . . . . Intel | -11 -10 -10 -7 ------- Run | Yrd Mat Sub Scr Active Infowar (turns) 169 | . 60 101 8 Terrain 161 | . 60 101 . ECM 8 | . . . 8 Robot Analysis Total . | . . . . Derelict Logs Recovered 2 | . . 1 1 Drone Launches . | . . . . Drone Recoveries . | . . . . Exploration | -11 -10 -10 -7 ------------- Run | Yrd Mat Sub Scr Turns Passed 4143 | 53 69 204 3817 Spaces Moved 2819 | 44 44 201 2530 Core 4 | 3 . . 1 Treads . | . . . . Legs . | . . . . Wheels 2815 | 41 44 201 2529 Hover . | . . . . Flight . | . . . . Fastest Speed 50 | 50 90 90 50 Average Speed 141 | 86 90 90 147 Slowest Speed 205 | 90 90 90 205 Overloaded Moves . | . . . . Propulsion Burnouts . | . . . . Robots Hopped . | . . . . Potential Cave-ins . | . . . . Cave-ins Triggered . | . . . . Exploration Rate (%) 28 | 4 10 6 93 Regions Visited 3 Branch Regions 2 Pre-discovered Areas 1 | . . . 1 Known Exits Taken . | . . . . Unknown Exits Taken 3 | 1 1 1 . Scrap Searched 10 | . . 4 6 Spaces Dug . | . . . . Terrain Destroyed 14 | . . . 14 Melee . | . . . . Projectile . | . . . . AOE 14 | . . . 14 Terrain Rammed . | . . . . Walls Destroyed . | . . . . Machines Disabled . | . . . . Actions | -11 -10 -10 -7 --------- Run | Yrd Mat Sub Scr Total 2970 | 55 72 221 2622 Wait 20 | . 20 . . Move 2816 | 43 43 200 2530 Hop . | . . . . Pick Up 72 | 6 2 6 58 Fast Attach 10 | 6 1 . 3 Attach 7 | . . 1 6 Detach 1 | . . 1 . Swap 4 | . . 1 3 Drop 25 | . 2 7 16 Fire 9 | . 1 4 4 Melee . | . . . . Ram 3 | . 3 . . Kick . | . . . . Crush . | . . . . Escape Stasis . | . . . . Rewire 2 | . . . 2 Trap . | . . . . Miscellaneous 1 | . . 1 . Route ------- -11/Scrapyard -10/Materials -10/Subcaves -7/Scraptown (discovered 2 exits: [*Fac x2]) History --------- Turn | Location | Event 36 | -11/Scrapyard | Discovered new exit (range 15) 54 | -11/Scrapyard | Entered Materials 55 | -10/Materials | Met a group of wandering Federalists 87 | -10/Materials | Discovered new exit (range 7) 123 | -10/Materials | Entered Subcaves 123 | -10/Subcaves | Accompanied by 4 allies 124 | -10/Subcaves | Continued accompanying wandering Federalists (5) 124 | -10/Subcaves | Approached by a straggling Scientist 315 | -10/Subcaves | Build established: Mutant 320 | -10/Subcaves | Wandering Federalist uncovered a shortcut to Scraptown 327 | -10/Subcaves | Entered Scraptown 502 | -7/Scraptown | Heard Great Nut preacher, LISTEN AND RECITE! 722 | -7/Scraptown | Visited Cyclists 763 | -7/Scraptown | Visited Bundlers 899 | -7/Scraptown | Visited TADAMA 922 | -7/Scraptown | Visited Fellowship of the Rings 971 | -7/Scraptown | Visited Cave Peace 1451 | -7/Scraptown | Scanned Subdweller tech in exchange for log data 1456 | -7/Scraptown | Learned location of 2 exits from Upper Caves 1476 | -7/Scraptown | Discovered new exit (range 7) 1657 | -7/Scraptown | Visited UFD Registry 1657 | -7/Scraptown | Registered with UFD as "Protoncase" 1718 | -7/Scraptown | Visited Scrap Suit Storage 1754 | -7/Scraptown | Visited Observation Area 1811 | -7/Scraptown | Visited Research Penetration Think Tank 1846 | -7/Scraptown | Visited Botcube Research 1864 | -7/Scraptown | Found Botcube 2008 | -7/Scraptown | Delivered Scrap Shield to a Scientist 2330 | -7/Scraptown | Build established: Hauler-Mutant 2469 | -7/Scraptown | Visited Derelict Rescue Squad 2491 | -7/Scraptown | Found DRS Beacon 2502 | -7/Scraptown | Found DRS Beacon 2559 | -7/Scraptown | Visited Junk Repository 2927 | -7/Scraptown | Visited LU-1G1's Boring Crew 3261 | -7/Scraptown | Discovered new exit (range 5) 3353 | -7/Scraptown | Visited Junk Repository 3503 | -7/Scraptown | Visited Science Guys 3658 | -7/Scraptown | Visited Chapter 10 3986 | -7/Scraptown | Met Optimus 3986 | -7/Scraptown | Accepted into 0bPrime 4117 | -7/Scraptown | Attacked by Scraptown defenders 4142 | -7/Scraptown | Core integrity fell below 50% 4144 | -7/Scraptown | Released all parts (1) 4144 | -7/Scraptown | Destroyed by ZJ-TDO(j) with Overtuned Pulse Rifle Last Messages --------------- 04140_ EMP Blaster destroyed. 04141_ Z0-NJQ(r) follow-up attacks with Ripteeth. 04141_ Critical hit (Burn: +50). 04141_ Penetrated by Slug. 04141_ Imp. Deuterium Engine destroyed. 04141_ Slug penetrates Earth. 04142_ Penetrated by HV Slug. 04142_ Critical hit (Destroy). 04142_ Arm. Huge Wheel destroyed. 04142_ HV Slug penetrates Earth. 04143_ 9U-EGC(r) follow-up attacks with Ripteeth. 04144_ Penetrated by Slug. 04144_ Slug penetrates Reinforced Barrier. 04144_ Penetrated by Slug. 04144_ Slug penetrates Reinforced Barrier. 04144_ Released Humpback. 04144_ Penetrated by Bolt. 04144_ Bolt penetrates Optimus. Map ----- +----------------------------------------------------+ | ###### #"" "## &"#?????????????????? | | "#?????????????????? | | "## ""#?????????????????? | | ###### #"" "## " " " "#?????????????????? | | ?????###"" "## """"""""#?????????????????? | | ???????#"" "##############?????????????????? | | ???????#"" "########???????????????????????? | | ???????#"" "## """"#???????????????????????? | | ########"" "## """"#???????????????????????? | | """""""""" "## " ""#???????????????????????? | | """""""""" & "#???????????????????????? | | "## #???????????????????????? | | "## #???????????????????????? | | "## "???????????????????????? | | ## #???????????????????????? | | # """#???????????????????????? | | """""" """""" ##"" ""#???????????????????????? | | ###### ###### ######?????????????????????????? | | #?# "## #??????????????????????????????? | | #?#" ""## #??????????????????????????????? | | #?# ""## #??????####????????????????????? | | #?#" ""## #????### #????????????????????? | | #?#" ""## #????# [[=##???????????????????? | | #?#"" """""## ###### rr|]#???????????????????? | | #?#""""""""## j Ejr!=#???????????????????? | | #?########### j j3!@##???????????????????? | | #???????????# p hh[&!#???????????????????? | | #???????????# E ! #???????????????????? | | #???????????# #???????????????????? | | #???????????# ###### # #???????????????????? | | ############# ######## #???????????????????? | | ""##"""##"|"# """"#??#####???????????????????? | | ""##"" ##" # "" "#??????????????????????????? | | "#??????????????????????????? | | " "#??????????????????????????? | | """"#??????????????????????????? | | "## %##"" ## ######??????????????????????????? | | ""##"""##"""####???????????????????????????????? | | #############??????????????????????????????????? | | ???????????????????????????????????????????????? | | ???????????????????????????????????????????????? | | ???????????????????????????????????????????????? | | ???????????????????????????????????????????????? | | ???????????????????????????????????????????????? | | ???????????????????????????????????????????????? | | ???????????????????????????????????????????????? | | ???????????????????????????????????????????????? | | ???????????????????????????????????????????????? | | ???????????????????????????????????????????????? | | ???????????????????????????????????????????????? | +----------------------------------------------------+ Best States ------------- Heat Dissipation 25 Energy Generation 16 Energy Capacity 290 Matter Stores 300 Matter Capacity 300 Sight Range 16 Terrain Scan Range 14 Terrain Scan Density 10 ECM Strength 2 Armor Coverage 800 Evasion (%) 44 Item Schematics ----------------- None Robot Schematics ------------------ None Fabricated ------------ Nothing Repaired ---------- Nothing Studied --------- None Alien Tech Used ----------------- None Achievements -------------- Strength In Numbers Survival Of The Most Covered Challenges ------------ None Game ------ Seed AntisysPlasmaDistortion Manual? 0 Play Time 00:50:48 Cumulative 5.7 hours Start 2026.07.22 @ 22:18:38 End 2026.07.22 @ 23:13:07 Sessions 1 Manual Loads 0 Difficulty Rogue Special Mode None Game No. 7 Rogue 7 Adventurer 0 Explorer 0 Win Type - Total 0 Types 0/0/0/0/0/0/0/0/0/0 Lore% 20 Gallery% 9 Achievement% 11 Wizard Run 0 Options --------- Layout 1 ASCII 0 Keyboard 1 Movement Vi Keybinds 0 Fullscreen 0 Font 28/SmallcapsGlow Map View 50x35 Zoom Use 0% Tactical HUD 1 Map Filters NONE Filters NONE Steam 0 RUN: ad261ce6-1a27-46f5-802d-d743522de300